 Dungeon Crawl Stone Soup version 0.20-a0-940-g1ecfa5a (webtiles) character file.

168 Rrauwl the Skirmisher (level 5, -4/47 HPs)
             Began as a Barachi Fighter on Mar 31, 2017.
             Killed by nerve-wracking pain
             ... invoked by an orc priest
              (13 damage)
             ... on level 4 of the Dungeon.
             The game lasted 00:06:31 (2376 turns).

Rrauwl the Skirmisher (Barachi Fighter)             Turns: 2376, Time: 00:06:31

Health: -4/47      AC:  7    Str: 17    XL:     5   Next: 49%
Magic:  5/5        EV:  8    Int: 18    God:
Gold:   180        SH: 13    Dex: 11    Spells: 4/4 levels left

rFire    . . .     SeeInvis .   e - +4 spear of Optimality {pierce, rC- Int+6}
rCold    x . .     Gourm    .   c - +0 shield
rNeg     . . .     Faith    .   b - +0 scale mail
rPois    +         Spirit   .   (no helmet)
rElec    .         Reflect  .   (no cloak)
rCorr    .         Harm     .   (no gloves)
MR       .....                  (no boots)
Stlth    ..........             (no amulet)
Regen    0.2/turn               g - ring of poison resistance
MPRegen  0.1/turn               (no ring)

@: slow
A: +LOS, swims, large bone plates 1, clever 1, robust 1, slowness 1, strong legs
1
a: Hop


You were on level 4 of the Dungeon.
You were not hungry.

You visited 1 branch of the dungeon, and saw 4 of its levels.

You collected 180 gold pieces.

Inventory:

Hand Weapons
 a - a +0 long sword
 e - the +4 spear of Optimality (weapon) {pierce, rC- Int+6}
   (You found it on level 4 of the Dungeon)

   It inflicts extra damage upon your enemies.
   It affects your intelligence (+6).
   It makes you vulnerable to cold.
Armour
 b - a +0 scale mail (worn)
 c - a +0 shield (worn)
Jewellery
 g - a ring of poison resistance (left hand)
Scrolls
 j - 2 scrolls of identify
 k - 2 scrolls of fear
Potions
 d - a potion of might
Comestibles
 f - 2 bread rations
 h - a meat ration
 i - 3 royal jellies


   Skills:
 + Level 4.4 Fighting
 + Level 4.0 Long Blades
 - Level 4.1 Armour
 + Level 2.6 Dodging
 - Level 4.0 Shields


You had 4 spell levels left.
You didn't know any spells.

Dungeon Overview and Level Annotations

Branches:
Dungeon (4/15)
 Temple: D:4-7

Altars:
Ashenzari


Innate Abilities, Weirdness & Mutations

Shadows flee at your approach. (+LOS)
You can swim through water.
You cover ground slowly.
You can hop short distances.
You are partially covered in large bone plates. (SH +4)
Your mind is acute. (Int +2)
You are robust. (+10% HP)


Message History

Firing (i - inventory): No suitable missiles.
Press: ? - help, Shift-Dir - straight line, f/p - orc priest
Aim: an orc priest
Okay, then.
You're too confused!
You hit something. Something hits you but does no damage.
You bump into the rock wall.
Something hits you.
* * * LOW HITPOINT WARNING * * *
You bump into the rock wall.
Something hits you but does no damage.
You miss something. Something hits you.
* * * LOW HITPOINT WARNING * * *
You bump into the rock wall.
You feel less confused.
The orc priest calls down the wrath of Beogh upon you.
Reactivating autopickup.
Your Long Blades skill increases to level 4!
You feel a bit more experienced.
The orc priest calls down the wrath of Beogh upon you.
Pain shoots through your body!
You die...

.. ##.# #... #..# #..#
#..### #.... .
#...########.####
...#####..o@)).........#
..........o########.####
........<.........
.........#.######.
...####..#.# . #..#.#
#..... .....# .#..#..


You could see an orc priest and an orc.

Vanquished Creatures
  4 gnolls (D:3)
  4 adders
  An ooze (D:1)
  5 worms
  4 dart slugs
  A leopard gecko (D:2)
  2 orcs (D:4)
  8 bats
  4 giant cockroaches
  4 goblins
  4 hobgoblins
  5 frilled lizards
  6 kobolds
  8 rats
60 creatures vanquished.

Vanquished Creatures (others)
  An orc wizard (D:4)
1 creature vanquished.

Grand Total: 61 creatures vanquished

Notes
Turn   | Place    | Note
-------+----------+-------------------------------------------
     0 | D:1      | Rrauwl the Barachi Fighter began the quest for the Orb.
     0 | D:1      | Reached XP level 1. HP: 18/18 MP: 1/1
    35 | D:1      | Reached skill level 1 in Dodging
    35 | D:1      | Reached XP level 2. HP: 23/25 MP: 2/2
   505 | D:1      | Reached XP level 3. HP: 30/30 MP: 3/3
   783 | D:2      | Found a shattered altar of Ashenzari.
   796 | D:2      | Gained mutation: Your body sometimes deteriorates upon taking damage. [potion of mutation]
   796 | D:2      | Gained mutation: Your mind is acute. (Int +2) [potion of mutation]
   804 | D:2      | Lost mutation: Your body sometimes deteriorates upon taking damage. [potion of mutation]
   804 | D:2      | Gained mutation: You are partially covered in large bone plates. (SH +4) [potion of mutation]
   804 | D:2      | Gained mutation: You are robust. (+10% HP) [potion of mutation]
  1042 | D:2      | Reached XP level 4. HP: 34/40 MP: 4/4
  1690 | D:3      | Reached XP level 5. HP: 32/46 MP: 5/5
  2350 | D:4      | Got a slimy spear
  2351 | D:4      | Identified the +4 spear of Optimality {pierce, rC- Int+6} (You found it on level 4 of the Dungeon)
  2376 | D:4      | Killed from afar by an orc priest

Vault maps used:
D:1:      dpeg_arrival_shelter
D:2:      evilmike_ruin_ashenzari
D:3:      first_bread
D:4:      cheibrodos_thug_alley, okawaru_gym_becter, overflow_temple_1_default,
          temple_doors_ab, kennysheep_generic_room_8

Skill      XL: |  1  2  3  4  5 |
---------------+----------------+-----
Dodging        | 1 2 |  2.6
Armour         | 4 |  4.1
Long Blades    | 3 4 |  4.0
Shields        | 4 |  4.0
Fighting       | 4 |  4.4

Action                   |  1- 3 |  4- 6 || total
-------------------------+-------+-------++-------
Melee: Long sword        |   118 |   118 ||   236
       Spear             |       |    12 ||    12
 Abil: Hop               |       |     1 ||     1
  Use: Potion            |     3 |     3 ||     6
       Scroll            |       |     5 ||     5
  Eat: Chunk             |     1 |     5 ||     6
Armor: Scale mail        |    38 |    46 ||    84
Dodge: Dodged            |    23 |    21 ||    44
Block: Shield            |    57 |    97 ||   154
       Rpst.: Long sword |     6 |     4 ||    10
